 Dungeon Crawl Stone Soup version 0.29-a0-824-gd827844252 (webtiles) character file.

Game seed: 5247735506907010108

9 Spectrina the Sneak (level 2, -1/18 HPs)
             Began as a Vampire Delver on July 9, 2022.
             Slain by a centaur (2 damage)
             ... on level 5 of the Dungeon.
             The game lasted 00:01:36 (121 turns).

Spectrina the Sneak (Vampire Delver)                 Turns: 121, Time: 00:01:37

Health: -1/18      AC:  3    Str: 11    XL:     2   Next: 6%
Magic:  2/2        EV: 12    Int: 12    God:
Gold:   15         SH:  0    Dex: 15    Spells: 1/1 levels left

rFire   . . .      SeeInvis +   a - +0 short sword
rCold   + + .      Faith    .   (no shield)
rNeg    + + +      Spirit   .   b - +0 leather armour
rPois   ∞          Reflect  .   (no helmet)
rElec   .          Harm     .   (no cloak)
rCorr   .          Rampage  .   (no gloves)
Will    .....                   (no boots)
Stlth   +++++.....              (no amulet)
HPRegen 0.00/turn               (no ring)
MPRegen 0.08/turn               (no ring)

@: bloodless, inhibited regen
A: bloodless, fangs 3, see invisible, vampiric 1
a: Revivify


You were on level 5 of the Dungeon.
You visited 1 branch of the dungeon, and saw 2 of its levels.

You collected 15 gold pieces.

Inventory:

Hand Weapons
 a - a +0 short sword (weapon)
Armour
 b - a +0 leather armour (worn)
Wands
 g - a wand of digging (3)
Scrolls
 c - a scroll of fog
 d - a scroll of magic mapping
 e - 2 scrolls of fear
 h - a scroll of teleportation {unknown}
Potions
 f - a potion of haste


   Skills:
 - Level 2.6 Fighting
 + Level 2.6 Short Blades
 - Level 2.1 Dodging
 + Level 7.6 Stealth


You had one spell level left.
You didn't know any spells.
Your spell library was empty.

Dungeon Overview and Level Annotations

Branches:
Dungeon (6/15)
 Temple: D:4-7

Altars:
Ashenzari
Cheibriados


Innate Abilities, Weirdness & Mutations

You do not regenerate when monsters are visible.
You are frail without blood (-20% HP).
You can heal yourself when you bite living creatures.
You are immune to poison.
You have razor-sharp teeth.
You have supernaturally acute eyesight. (SInv)
You are afflicted with vampirism.


Message History

Found a broken altar of Ashenzari.
Found an escape hatch in the floor.
Found a scroll labelled UCUCYRROUM.
Found a scroll of fear.
Found a snail-covered altar of Cheibriados.
An adder comes into view.
You see here a scroll of fear.
e - 2 scrolls of fear (gained 1)
The helpless adder fails to defend itself.
You bite the adder, and draw its blood! You impale the adder!!
You kill the adder!
You have reached level 2!
You see here 8 gold pieces.
You now have 15 gold pieces (gained 8).
The centaur hits you. The centaur closely misses you. The centaur hits you.
The centaur kicks you but does no damage.
You hit the centaur.
The centaur is lightly wounded.
The centaur hits you.
The centaur kicks you but does no damage.
You hit the centaur but do no damage. Your punch misses the centaur.
The centaur is lightly wounded.
The centaur hits you.
* * * LOW HITPOINT WARNING * * *
The centaur kicks you.
* * * LOW HITPOINT WARNING * * *
The centaur completely misses you. x2
Okay, then.
Okay, then.
Okay, then.
You closely miss the centaur.
The centaur is lightly wounded.
The centaur barely misses you. The centaur closely misses you.
You hit the centaur but do no damage. You bite the centaur.
You draw the centaur's blood!
You feel better.
The centaur is moderately wounded.
The centaur barely misses you. The centaur kicks you.
* * * LOW HITPOINT WARNING * * *
The centaur hits you.
You die...

#..#....#.....#...c....
#..#....#.....#.......#
>..'....'.....#.......#
...#....#.....#.......'
...#....##'####.......#
...#....#....##.......#
##+#....#.............#
#..#....#....##c.##...#
#..#....#....##.@##...###
#..#....#....'...........
#..#....#....#...........
#..#....#....#........####
........#######..##...##..
.###..........#..##.......
## ###........#...........
♣ ##.......+...........
#.......##+.#.......


You could see a centaur.

Vanquished Creatures
  An adder (D:5)
1 creature vanquished.

Notes
Turn   | Place    | Note
-------+----------+-------------------------------------------
     0 | D:5      | Spectrina the Vampire Delver began the quest for the Orb.
     0 | D:5      | Reached XP level 1. HP: 17/17 MP: 1/1
     7 | D:6      | Noticed an orc wizard
     8 | D:6      | Noticed an orc wizard
    24 | D:5      | Noticed a centaur
    69 | D:5      | Found a broken altar of Ashenzari.
   100 | D:5      | Found a snail-covered altar of Cheibriados.
   110 | D:5      | Reached XP level 2. HP: 18/18 MP: 2/2
   121 | D:5      | Slain by a centaur

Illustrated notes

Levels and vault maps discovered:
D:5:      cheibrodos_iron_armory, layout_gridville, nicolae_ashenzari_skybound,
          mainiacjoe_overflow_tiny_flanked, minmay_temple_entry_sparse_star,
          uniq_sigmund
D:6:      layout_loops_ring, nicolae_ru_sacrificial_ziggurat

Action                   || total
-------------------------++-------
Melee: Short sword       ||     5
       Bite              ||     1
 Abil: Exsanguinate      ||     1
 Stab: Sleeping          ||     1
Armor: Leather armour    ||     2
Dodge: Dodged            ||     6

Table legend: (Time is in decaauts)
 A = Elapsed time spent in this place.
 B = Non-inter-level travel time spent in this place.
 C = Inter-level travel time spent in this place.
 D = Time resting spent in this place.
 E = Time spent auto-exploring this place.
 F = Levels seen in this place.
 G = Mean time per level.
                   A        B        C        D        E       F      G
               +--------+--------+--------+--------+--------+-----+--------+
         Total |    121 |    121 |      0 |      0 |      0 |   2 |   60.5 |
       Dungeon |    121 |    121 |      0 |      0 |      0 |   2 |   60.5 |
               +--------+--------+--------+--------+--------+-----+--------+

Top non-repeatable levels by time:
     D:5: 119 daAuts
     D:6: 1 daAuts
